 Dungeon Crawl Stone Soup version 0.21-a0-552-g593960d (webtiles) character file.

259 polly the Chopper (level 5, -2/63 HPs)
             Began as a Demonspawn Berserker on Dec 17, 2017.
             Was a Priest of Trog.
             Slain by a human zombie (6 damage)
             ... in an ossuary on Dec 18, 2017.
             The game lasted 00:03:29 (2623 turns).

polly the Chopper (Demonspawn Berserker)            Turns: 2623, Time: 00:03:30

Health: -2/63      AC:  7    Str: 24    XL:     5   Next: 94%
Magic:  5/5        EV: 12    Int:  8    God:    Trog [***...]
Gold:   153        SH:  0    Dex: 12    Spells: 4/4 levels left

rFire    . . .     SeeInvis .   s - +0 war axe
rCold    . . .     Gourm    .   (no shield)
rNeg     . . .     Faith    .   p - +0 ring mail
rPois    .         Spirit   .   (no helmet)
rElec    .         Reflect  .   m - scarf {repulsion}
rCorr    .         Harm     .   (no gloves)
MR       .....                  (no boots)
Stlth    ..........             (no amulet)
HPRegen  0.20/turn              (no ring)
MPRegen  0.09/turn              (no ring)

@: berserking, marked, repel missiles, very quick
A: slimy green scales 1
a: Berserk, Trog's Hand, Burn Spellbooks, Renounce Religion


You were in an ossuary.
You worshipped Trog.
Trog was most pleased with you.
You were near starving.

You visited 1 branch of the dungeon, and saw 4 of its levels.
You also visited: Ossuary.

You collected 153 gold pieces.

Inventory:

Hand Weapons
 s - a +0 war axe (weapon)
Armour
 b - a +0 animal skin
 m - a scarf of repulsion (worn)
 p - a +0 ring mail (worn)
Scrolls
 a - a scroll of identify {unknown}
 e - a scroll of enchant weapon {unknown}
 j - a scroll of remove curse {unknown}
 l - a scroll of fear {unknown}
 n - a scroll of amnesia {unknown}
 o - a scroll of teleportation {unknown}
 q - a scroll of enchant armour {unknown}
Potions
 f - a potion of heal wounds {unknown}
 g - 3 potions of curing {unknown}
 h - a potion of brilliance {unknown}
 k - a potion of mutation {unknown}
Comestibles
 c - 3 bread rations
 d - 3 meat rations
 i - 3 fruits


   Skills:
 + Level 4.0 Fighting
 + Level 4.8 Axes
 + Level 2.3 Armour
 + Level 2.6 Dodging
 + Level 0.6 Stealth


You had 4 spell levels left.
You didn't know any spells.

Dungeon Overview and Level Annotations

Branches:
Dungeon (4/15)
 Temple: D:4-7

Altars:
Makhleb


Innate Abilities, Weirdness & Mutations

You are partially covered in slimy green scales. (AC +2)


Message History

Unknown command.
Unknown command.
You barely miss the human zombie.
The human zombie is heavily damaged.
You completely miss the orc zombie. You slash the kobold zombie!
You destroy the kobold zombie!
Trog accepts your kill.
The human zombie hits you but does no damage.
Unknown command.
Unknown command.
You completely miss the orc zombie. You hit the human zombie.
The orc zombie hits you but does no damage.
Unknown command.
Unknown command.
Unknown command.
You slash the orc zombie!
You destroy the orc zombie!
Trog accepts your kill.
You hit the human zombie. The human zombie hits you.
You die...

...................#
...................#
.......8..8........#
...................#
..######.^######...#
#.Z# #...# #..#
#...#
#.####Z.####.#...#
#.......@ZZ..#...#
#.......####.#...#
#.......# #...#
#.......# #...#
#.....∩.# #...#
####+.... #...#
#...## #...# #...#
#...#
.##############...#


You could see a kobold zombie, an orc zombie, an elf zombie and a human zombie.

Vanquished Creatures
  A centaur zombie (Ossuary)
  An orc wizard (D:3)
  Jessica (D:2)
  2 mummies (Ossuary)
  5 adders
  2 oozes
  4 worms
  2 leopard geckos (D:2)
  6 orcs (D:3)
  3 bats
  5 giant cockroaches
  6 hobgoblins
  7 kobolds
  A ball python (D:2)
  5 frilled lizards
  7 goblins
  7 hobgoblin zombies (Ossuary)
  2 jackal zombies (Ossuary)
  9 kobold zombies (Ossuary)
  8 orc zombies (Ossuary)
  5 rats
89 creatures vanquished.

Notes
Turn   | Place    | Note
-------+----------+-------------------------------------------
     0 | D:1      | polly the Demonspawn Berserker began the quest for the Orb.
     0 | D:1      | Reached XP level 1. HP: 18/18 MP: 1/1
    57 | D:1      | Gained mutation: You are partially covered in slimy green scales. (AC +2) [demonic ancestry]
    57 | D:1      | Reached XP level 2. HP: 16/24 MP: 2/2
   822 | D:2      | Reached XP level 3. HP: 29/29 MP: 3/3
   851 | D:2      | HP: 1/29 [worm (5)]
  1253 | D:2      | Found a faded altar of an unknown god.
  1387 | D:2      | Noticed Jessica
  1402 | D:2      | Killed Jessica
  1402 | D:2      | Reached XP level 4. HP: 28/37 MP: 4/4
  1531 | D:2      | Reached ** piety under Trog
  2168 | D:3      | Reached XP level 5. HP: 42/42 MP: 5/5
  2378 | D:3      | Found a burning altar of Makhleb.
  2534 | D:4      | Found a sand-covered staircase.
  2540 | Ossuary  | Entered an ossuary
  2557 | Ossuary  | Reached *** piety under Trog
  2623 | Ossuary  | Slain by a human zombie

Vault maps used:
D:1:      doesnt_arrival_eight_statues
D:2:      chequers_ecumenical_altar_simple, first_bread, serial_bayou_crossing,
          uniq_jessica
D:3:      bloody_makhleb
D:4:      lemuel_doored_altar, grunt_temple_overflow_open, enter_ossuary_1,
          st_stairs_12
Ossuary:  ossuary_tomb_1

Skill      XL: |  1  2  3  4  5 |
---------------+----------------+-----
Axes           | 3 4 |  4.8
Dodging        | 2 |  2.6
Armour         | 2 |  2.3
Fighting       | 4 |  4.0
Stealth        | |  0.6

Action                   |  1- 3 |  4- 6 || total
-------------------------+-------+-------++-------
Melee: Hand axe          |   130 |   132 ||   262
       War axe           |       |    60 ||    60
Invok: Berserk           |       |     1 ||     1
 Stab: Sleeping          |     1 |       ||     1
  Eat: Chunk             |     1 |     4 ||     5
Armor: Animal skin       |    38 |    20 ||    58
       Ring mail         |       |    42 ||    42
Dodge: Dodged            |   100 |   113 ||   213
       Deflected         |       |     5 ||     5

Table legend:
 A = Spawn XP
 B = Non-spawn XP
 C = Spawn XP percentage of total XP
 D = Spawn monster count
 E = Non-spawn monster count
 F = Spawn count percentage of total count
 G = Total turns spent on level
                    A         B        C        D         E        F      G
               +---------+---------+-------+---------+---------+-------+---------
         Total |       0 |     370 |   0.0 |       0 |      89 |   0.0 |  2623
               +---------+---------+-------+---------+---------+-------+---------
           D:1 |       0 |      37 |   0.0 |       0 |      19 |   0.0 |   811
           D:2 |       0 |     122 |   0.0 |       0 |      22 |   0.0 |  1056
           D:3 |       0 |     102 |   0.0 |       0 |      19 |   0.0 |   667
       Ossuary |       0 |     109 |   0.0 |       0 |      29 |   0.0 |    83
               +---------+---------+-------+---------+---------+-------+---------
